 Dungeon Crawl Stone Soup version 0.32-a0-18-g89e19f1974 (webtiles) character file.

Game seed: 1125014824525805434

15525 BigPumpCobain the Cleaver (level 12, -1/108 HPs)
             Began as a Minotaur Berserker on Jan 16, 2024.
             Was an Elder of Trog.
             Slain by an orc warrior
             ... wielding a +0 trident
              (10 damage)
             ... on level 11 of the Dungeon.
             The game lasted 00:19:12 (10088 turns).

BigPumpCobain the Cleaver (Minotaur Berserker)     Turns: 10088, Time: 00:19:13

Health: -1/108     AC: 18    Str: 25    XL:     12   Next: 2%
Magic:  11/11      EV:  8    Int:  4    God:    Trog [****..]
Gold:   554        SH:  0    Dex: 12    Spells: 11/11 levels left

rFire   . . .        L - +2 war axe (drain)
rCold   . . .        u - +1 buckler
rNeg    . . .        x - +0 plate armour
rPois   +            (helmet restricted)
rElec   .            t - +0 cloak
rCorr   .            H - +1 pair of gloves
SInv    .            (no boots)
Will    ++...        (no amulet) Stlth
                     m - ring of poison resistance
HPRegen 1.38/turn    (no ring)
MPRegen 0.12/turn

%: no passive effects
@: confused, ambrosia-drunk, strong-willed, on berserk cooldown, regenerating,
slowed, very slow
A: horns 2, retaliatory headbutt
a: Renounce Religion, Berserk, Trog's Hand, Brothers in Arms


You were on level 11 of the Dungeon.
You worshipped Trog.
Trog was greatly pleased with you.
You visited 1 branch of the dungeon, and saw 11 of its levels.

You collected 554 gold pieces.

Inventory:

Hand Weapons
 L - a +2 war axe of draining (weapon)
Missiles
 o - 24 poisoned darts
 p - 5 curare-tipped darts
 r - 5 silver javelins
 z - 8 boomerangs (quivered)
 K - 2 throwing nets
Armour
 a - the +7 crystal plate armour of True Grit {rPois rC+ Str-5}
   (You found it on level 9 of the Dungeon)

   Str-5:     It affects your strength (-5).
   rC+:       It protects you from cold.
   rPois:     It protects you from poison
 t - a +0 cloak (worn)
 u - a +1 buckler (worn)
 x - a +0 plate armour (worn)
 H - a +1 pair of gloves (worn)
Jewellery
 m - a ring of poison resistance (left hand)
Wands
 c - a wand of mindburst (4)
 y - a wand of charming (8)
 E - a wand of flame (16)
Scrolls
 b - 6 scrolls of immolation
 d - a scroll of enchant armour
 e - 3 scrolls of vulnerability
 h - 6 scrolls of revelation
 i - 2 scrolls of poison
 k - 2 scrolls of fear
 l - a scroll of identify
 q - a scroll of silence
 s - 7 scrolls of teleportation
 v - a scroll of fog
 C - a scroll of butterflies
 G - 2 scrolls of amnesia
Potions
 f - 3 potions of curing {unknown}
 g - 4 potions of heal wounds {unknown}
 j - a potion of attraction {unknown}
 n - 5 potions of mutation {unknown}
 w - a potion of magic {unknown}
 A - a potion of brilliance {unknown}
 D - 11 potions of ambrosia
 F - a potion of enlightenment {unknown}
 I - 2 potions of invisibility {unknown}
 J - 3 potions of cancellation {unknown}
Miscellaneous
 B - a phantom mirror


   Skills:
 + Level 10.7 Fighting
 * Level 14.4 Axes
 + Level 7.7 Throwing
 + Level 10.1 Armour
 - Level 2.1 Dodging
 + Level 8.6 Shields


You had 11 spell levels left.
You didn't know any spells.
Your spell library was empty.

Dungeon Overview and Level Annotations

Branches:
Dungeon (11/15)            Temple (0/1) D:4
   Lair: D:8-11         Orc: D:9-12

Altars:
Cheibriados
Dithmenos
Fedhas
Gozag
Hepliaklqana
Makhleb
Nemelex Xobeh
Okawaru
Qazlal
Ru
Trog
Uskayaw
Vehumet
Wu Jian
Xom
Yredelemnul
Zin
The Shining One

Shops:
D:3 ?   D:6 *   D:10 *

Portals:
Trove: D:10 (give 14 scrolls of teleportation)


Innate Abilities, Weirdness & Mutations

You have a pair of horns on your head.
You reflexively headbutt those who attack you in melee.


Message History

* * * LOW HITPOINT WARNING * * *
The orc warrior hits you from afar with a +0 trident.
* * * LOW HITPOINT WARNING * * *
The orc hits your ogre with a +0 club.
An orc priest comes into view. It is wielding a +0 club.
You have reached level 12!
You feel agile.
You are confused.
You feel invigorated.
The centaur shoots an arrow.
The arrow barely misses your ogre. The arrow hits you but does no damage.
The orc warrior hits you with a +0 heavy mace!
* * * LOW HITPOINT WARNING * * *
Your ogre hits the orc with a +0 giant club!!
The orc dies!
Trog accepts your kill. The orc warrior barely misses you.
The orc warrior hits you but does no damage.
An orc comes into view. It is wielding a +0 whip.
The centaur shoots an arrow.
The arrow barely misses your ogre. The arrow hits you!
* * * LOW HITPOINT WARNING * * *
Okay, then.
Okay, then.
Your ogre hits the orc warrior with a +0 giant club!!!
The orc warrior dies!
Trog accepts your kill.
The centaur shoots an arrow.
The arrow hits your ogre!
The orc warrior barely misses your ogre.
An orc wizard comes into view. It is wielding a +0 dagger.
The orc warrior hits you from afar with a +0 trident.
* * * LOW HITPOINT WARNING * * *
The orc hits your ogre with a +0 hand axe.
The centaur unwields a +0 shortbow.
The centaur hits your ogre. The centaur kicks your ogre.
Your ogre hits the orc with a +0 giant club!!!
The orc dies!
Trog accepts your kill.
An orc priest comes into view. It is wielding a +0 mace.
The orc warrior hits you from afar with a +0 trident!
You die...

..# ..# #..#
##..######
..........
#.........
#†........
#.?.......
#########@).......
...o.ooooO))......
>....oooc)o....o..
..o....o.o........
##################


You could see 2 orc warriors, a centaur, 2 orc priests, an orc wizard, 8 orcs
and a friendly ogre (summoned, berserk).

Vanquished Creatures
  The ghost of bobarctor the Tainted, a journeyman DsMo of Yredelemnul (D:9)
  Harold (D:9)
  The ghost of lucidstorm14 the Fighter, a novice MiFi of Okawaru (D:9)
  The ghost of Sekkong the Cleaver, a novice MiFi (D:9)
  4 two-headed ogres
  Pikel (D:8)
  The ghost of croobank the Covert, a novice FeDe of Gozag (D:9)
  An ugly thing (D:11)
  A gargoyle (D:11)
  An unseen horror (D:11)
  Jeremiah (D:7)
  A queen bee (D:9)
  2 wraiths
  13 yaks
  A shadow (D:10)
  4 vampire mosquitoes
  A steam dragon (D:10)
  A water moccasin (D:5)
  A sky beast (D:8)
  4 orc warriors
  2 black bears
  2 boggarts (D:10)
  4 centaurs
  2 ogres (D:6)
  3 phantoms
  4 lemures (D:8)
  4 kobold brigands
  6 bullfrogs
  A gnoll sergeant (D:11)
  3 scorpions
  36 killer bees
  A howler monkey (D:5)
  A crimson imp (D:5)
  2 hounds
  7 jellies
  2 gnoll boudas (D:7)
  Crazy Yiuf (D:4)
  2 orc priests
  2 sleepcaps
  An iguana (D:6)
  6 orc wizards
  Robin (D:3)
  11 adders
  14 gnolls
  3 shadow imps
  2 white imps (D:8)
  4 ufetubi
  2 dart slugs
  4 ribbon worms
  19 orcs
  6 ball pythons
  15 endoplasms
  4 giant cockroaches
  11 goblins
  12 hobgoblins
  8 jackals
  5 quokkas
  8 bats
  4 frilled lizards (D:1)
  28 kobolds
  5 rats
300 creatures vanquished.

Vanquished Creatures (collateral kills)
  A vampire mosquito (D:11)
  2 orc warriors (D:11)
  3 centaurs (D:11)
  2 orcs (D:11)
8 creatures vanquished.

Vanquished Creatures (others)
  An arcanist (D:3)
1 creature vanquished.

Grand Total: 309 creatures vanquished

Notes
Turn   | Place    | Note
-------+----------+-------------------------------------------
     0 | D:1      | BigPumpCobain the Minotaur Berserker began the quest for
                  | the Orb.
     0 | D:1      | Reached XP level 1. HP: 19/19 MP: 0/0
   122 | D:1      | Reached skill level 4 in Axes
   137 | D:1      | Reached XP level 2. HP: 25/27 MP: 1/1
   635 | D:1      | Reached ** piety under Trog
   637 | D:1      | Reached XP level 3. HP: 32/33 MP: 2/2
   945 | D:1      | HP: 2/49 [gnoll/+0 club (2)]
  1077 | D:2      | Reached skill level 5 in Axes
  1077 | D:2      | Reached XP level 4. HP: 11/41 MP: 3/3
  1196 | D:2      | Identified the +1 leather armour of Ucapteq {rElec Slay+3}
  1227 | D:2      | Found a faded altar of an unknown god.
  1248 | D:2      | Found the +2 ratskin cloak {*Rats rPois rN+ Str-1 Int-1
                  | Dex+1}
  1812 | D:3      | Noticed a kobold brigand
  1823 | D:3      | Killed a kobold brigand
  1824 | D:3      | Reached XP level 5. HP: 25/47 MP: 4/4
  1847 | D:3      | Reached skill level 5 in Fighting
  1847 | D:3      | Reached skill level 6 in Axes
  1995 | D:3      | Reached *** piety under Trog
  2021 | D:3      | Reached XP level 6. HP: 56/56 MP: 5/5
  2065 | D:3      | Noticed Robin
  2077 | D:3      | Killed Robin
  2241 | D:3      | Found a bloodstained altar of Trog.
  2243 | D:3      | Noticed a wizard
  2248 | D:3      | Killed a wizard
  2528 | D:3      | Found Fiufygur's Magic Scroll Shoppe.
  2956 | D:4      | Found a staircase to the Ecumenical Temple.
  3060 | D:4      | Reached skill level 7 in Axes
  3060 | D:4      | Reached skill level 1 in Throwing
  3173 | D:4      | Found a glowing silver altar of Zin.
  3173 | D:4      | Found a blossoming altar of Fedhas.
  3173 | D:4      | Found an opulent altar of Gozag.
  3173 | D:4      | Found a sparkling altar of Nemelex Xobeh.
  3173 | D:4      | Found a bloodstained altar of Trog.
  3173 | D:4      | Found a bloodstained altar of Trog.
  3181 | D:4      | Reached **** piety under Trog
  3182 | D:4      | Reached XP level 7. HP: 40/61 MP: 6/6
  3331 | D:4      | Found a snail-covered altar of Cheibriados.
  3348 | D:4      | Reached skill level 5 in Armour
  3641 | D:4      | Found a runed translucent door.
  3642 | D:4      | Noticed Crazy Yiuf
  3849 | D:4      | Killed Crazy Yiuf
  3882 | D:5      | Entered Level 5 of the Dungeon
  3905 | D:5      | Reached skill level 1 in Shields
  3977 | D:5      | Reached skill level 8 in Axes
  4423 | D:5      | Reached XP level 8. HP: 69/70 MP: 7/7
  4458 | D:5      | Found a burning altar of Makhleb.
  4459 | D:5      | Found a shimmering altar of Xom.
  4643 | D:5      | Found a shadowy altar of Dithmenos.
  4946 | D:6      | Reached skill level 9 in Axes
  5095 | D:6      | Found Konuc's Assorted Antiques.
  5211 | D:6      | Found a sparkling altar of Nemelex Xobeh.
  5256 | D:6      | Reached XP level 9. HP: 72/79 MP: 8/8
  5256 | D:6      | Reached ***** piety under Trog
  5407 | D:6      | Found a hazy altar of Hepliaklqana.
  5911 | D:7      | Reached skill level 10 in Axes
  6011 | D:7      | Noticed Jeremiah
  6027 | D:7      | Killed Jeremiah
  6719 | D:8      | Found an iron altar of Okawaru.
  6729 | D:8      | Noticed Pikel
  6758 | D:8      | Killed Pikel
  6758 | D:8      | Received a gift from Trog
  6759 | D:8      | Reached skill level 11 in Axes
  6759 | D:8      | Reached skill level 5 in Throwing
  6759 | D:8      | Reached skill level 5 in Shields
  6957 | D:8      | Noticed a two-headed ogre
  6962 | D:8      | Killed a two-headed ogre
  6963 | D:8      | Reached XP level 10. HP: 90/90 MP: 9/9
  7054 | D:8      | Found a stormy altar of Qazlal.
  7603 | D:9      | Found a radiant altar of Vehumet.
  7819 | D:9      | Found a glowing golden altar of the Shining One.
  7821 | D:9      | Noticed an angel
  7842 | D:9      | Found a basalt altar of Yredelemnul.
  7914 | D:9      | Reached skill level 12 in Axes
  8228 | D:9      | Noticed Harold
  8242 | D:9      | Killed Harold
  8349 | D:9      | Reached XP level 11. HP: 9/97 MP: 10/10
  8352 | D:10     | Entered Level 10 of the Dungeon
  8483 | D:10     | Found a sacrificial altar of Ru.
  8627 | D:9      | Reached skill level 13 in Axes
  8742 | D:9      | Found a runed translucent gate.
  8742 | D:9      | Noticed croobank's ghost (novice FeDe)
  8743 | D:9      | Found a runed translucent gate.
  8743 | D:9      | Found a runed translucent gate.
  8744 | D:9      | Noticed lucidstorm14's ghost (novice MiFi)
  8745 | D:9      | Noticed Sekkong's ghost (novice MiFi)
  8745 | D:9      | Noticed bobarctor's ghost (journeyman DsMo)
  9189 | D:9      | Killed croobank's ghost
  9193 | D:9      | Killed bobarctor's ghost
  9196 | D:9      | Killed lucidstorm14's ghost
  9197 | D:9      | Reached skill level 10 in Fighting
  9198 | D:9      | Killed Sekkong's ghost
  9204 | D:9      | Identified the +7 crystal plate armour of True Grit {rPois
                  | rC+ Str-5}
  9293 | D:10     | Found a portal to a secret trove of treasure.
  9322 | D:10     | Found an ornate altar of the Wu Jian Council.
  9363 | D:10     | Noticed a +0 short sword
  9363 | D:10     | Noticed a +0 spear
  9364 | D:10     | Noticed a +0 dagger
  9364 | D:10     | Noticed a +0 falchion
  9364 | D:10     | Noticed a +0 falchion
  9364 | D:10     | Noticed a +0 short sword
  9365 | D:10     | Noticed a +0 spear
  9365 | D:10     | Noticed a +0 dagger
  9594 | D:10     | Found Jiuliev's Assorted Antiques.
  9749 | D:10     | Noticed a two-headed ogre
  9749 | D:10     | Noticed a two-headed ogre
  9756 | D:10     | Killed a two-headed ogre
  9758 | D:10     | Killed a two-headed ogre
  9759 | D:10     | Reached skill level 14 in Axes
  9844 | D:10     | Found a hide-covered altar of Uskayaw.
 10064 | D:11     | Noticed a brown ugly thing
 10072 | D:11     | Killed a brown ugly thing
 10079 | D:11     | Noticed a two-headed ogre
 10080 | D:11     | Reached skill level 10 in Armour
 10086 | D:11     | Killed a two-headed ogre
 10087 | D:11     | Reached XP level 12. HP: 18/108 MP: 11/11
 10087 | D:11     | HP: 5/108 [centaur/arrow (7)]
 10088 | D:11     | Slain by an orc warrior

Illustrated notes

Levels and vault maps discovered:
D:1:      lightli_arrival_flooded_house, layout_basic, minmay_tromino_v4_b
D:2:      layout_basic, ebering_ecumenical_altar_sacrificial
D:3:      cheibrodos_thug_alley, layout_basic, trog_wizard, serial_shops,
          nicolae_shop_rolled_up, uniq_robin
D:4:      cheibrodos_fertilizer, layout_layer_cave, lemuel_round_altar,
          lemuel_crystal_altar, minmay_temple_entry_wispy, nrook_campfire,
          hangedman_feature_mirror, uniq_crazy_yiuf_cottage
D:5:      layout_loops_ring, mainiacjoe_overflow_alcove_4,
          grunt_temple_overflow_champion_of_chaos
D:6:      layout_cave_pools, worldfamousw_hep_ancestral_shrine,
          nemelex_xobeh_ov_fountains_minmay, serial_shops,
          nicolae_shop_hallway_stairs, st_stairs_1
D:7:      layout_basic, uniq_jeremiah
D:8:      layout_rooms, nicolae_qazlal_beasts_of_the_sky,
          okawaru_metal_pillars_3, minivault_21, uniq_pikel
D:9:      layout_loops_cross, grunt_temple_overflow_holy_war,
          vehumet_altar_wand_db, special_room [special_room_bee],
          gammafunk_ghost_cemetery, hangedman_abyss_or_decor_clamps, uniq_harold
D:10:     layout_roguey, old_standard_altar, nzn_wu_jian_council_hall,
          nicolae_uskayaw_en_pointe, serial_shops, nicolae_lakefront_shop,
          nicolae_trove_entry_crystal, hangedman_decor_opposing,
          nicolae_phantomly_mirrored
D:11:     layout_long_grid, lair_entry_dummy, david_orc_5, uniq_erolcha

Skill      XL: |  1  2  3  4  5  6  7  8  9 10 11 |
---------------+----------------------------------+-----
Axes           | 4 5 6 7 8 9 11 12 14 | 14.4
Fighting       | 4 5 6 7 8 9 10 | 10.7
Armour         | 3 4 5 6 7 8 10 | 10.1
Throwing       | 1 2 3 5 6 7 |  7.7
Shields        | 2 3 5 7 8 |  8.6
Dodging        | |  2.1

Action                     |  1- 3 |  4- 6 |  7- 9 | 10-12 || total
---------------------------+-------+-------+-------+-------++-------
  Melee: Hand axe          |    74 |   159 |   331 |   320 ||   884
         Headbutt          |     8 |    30 |    62 |    92 ||   192
         Punch             |     1 |     1 |       |       ||     2
         War axe           |       |       |       |    94 ||    94
  Throw: Boomerang         |       |       |     8 |     1 ||     9
         Javelin           |       |       |     5 |       ||     5
 Invoke: Berserk           |     2 |       |     4 |     5 ||    11
         Trog's Hand       |       |       |       |     4 ||     4
         Brothers in Arms  |       |       |       |     2 ||     2
  Evoke: Wand              |       |       |       |     1 ||     1
    Use: Scroll            |       |     9 |     2 |     6 ||    17
         Potion            |       |       |       |     1 ||     1
 Armour: Animal skin       |     6 |       |       |       ||     6
         Scale mail        |    57 |   111 |    61 |       ||   229
         Chain mail        |       |       |    88 |       ||    88
         Plate armour      |       |       |    91 |   431 ||   522
  Dodge: Dodged            |    44 |    74 |   116 |   133 ||   367
  Block: Buckler           |       |       |    65 |   140 ||   205

Table legend: (Time is in decaauts)
 A = Elapsed time spent in this place.
 B = Non-inter-level travel time spent in this place.
 C = Inter-level travel time spent in this place.
 D = Time resting spent in this place.
 E = Time spent auto-exploring this place.
 F = Levels seen in this place.
 G = Mean time per level.
                   A        B        C        D        E       F      G
               +--------+--------+--------+--------+--------+-----+--------+
         Total |  10058 |   9491 |    567 |    486 |   7269 |  11 |  914.4 |
       Dungeon |  10058 |   9491 |    567 |    486 |   7269 |  11 |  914.4 |
               +--------+--------+--------+--------+--------+-----+--------+

Top non-repeatable levels by time:
     D:9: 1397 daAuts
     D:3: 1188 daAuts
     D:7: 1095 daAuts
     D:1: 1074 daAuts
    D:10: 1034 daAuts
     D:4: 969 daAuts
     D:5: 897 daAuts
     D:8: 882 daAuts
     D:6: 761 daAuts
     D:2: 683 daAuts
    D:11: 74 daAuts
